 Dungeon Crawl Stone Soup version 0.32-a0-818-gb728d0252e (webtiles) character file.

Game seed: 15569468702717958419

141 Ajdolov the Sneak (level 5, 0/48 HPs)
             Began as an Armataur Delver on Mar 24, 2024.
             Was a Follower of Okawaru.
             Killed from afar by Natasha (14 damage)
             ... with a rupture
             ... on level 2 of the Dungeon.
             The game lasted 00:04:26 (1700 turns).

Ajdolov the Sneak (Armataur Delver)                 Turns: 1700, Time: 00:04:26

Health: 0/48       AC:  6    Str: 19    XL:     5   Next: 3%
Magic:  5/5        EV:  7    Int: 11    God:    Okawaru [*.....]
Gold:   234        SH:  0    Dex: 11    Spells: 4/4 levels left

rFire   . . .        a - +0 mace
rCold   . . .        (no shield)
rNeg    . . .        i - +0 ring mail
rPois   .            (no helmet)
rElec   .            q - +0 cloak
rCorr   .            (no gloves)
SInv    .            (no barding)
Will    .....        (no amulet)
Stlth   ++           (no ring)
HPRegen 0.28/turn    (no ring)
MPRegen 0.09/turn

%: roll
@: no status effects
A: large, deformed body, tough skin 3, armoured tail, rollpage 1
a: Renounce Religion, Heroism


You were on level 2 of the Dungeon.
You worshipped Okawaru.
Okawaru was aware of your devotion.
You visited 1 branch of the dungeon, and saw 5 of its levels.

You collected 234 gold pieces.

Inventory:

Hand Weapons
 a - a +0 mace (weapon)
Armour
 i - a +0 ring mail (worn)
 q - a +0 cloak (worn)
 r - a +0 plate armour
Wands
 g - a wand of digging (3)
 h - a wand of flame (5)
Scrolls
 c - 2 scrolls of fog
 d - 3 scrolls of revelation
 e - a scroll of fear
 j - 5 scrolls of identify {unknown}
 m - a scroll of enchant weapon {unknown}
 n - a scroll of silence {unknown}
 p - a scroll of vulnerability {unknown}
Potions
 b - 2 potions of attraction {unknown}
 f - a potion of haste
 k - a potion of brilliance {unknown}
 l - a potion of berserk rage {unknown}
 o - 2 potions of curing {unknown}
 s - a potion of invisibility {unknown}


   Skills:
 - Level 5.0 Fighting
 + Level 2.4 Maces & Flails
 - Level 1.3 Dodging
 - Level 5.4 Stealth


You had 4 spell levels left.
You didn't know any spells.
Your spell library was empty.

Dungeon Overview and Level Annotations

Branches:
Dungeon (5/15)
 Temple: D:4-7

Altars:
Okawaru
Yredelemnul
The Shining One

Annotations:
D:2 Natasha


Innate Abilities, Weirdness & Mutations

Armour fits poorly on your strangely shaped body.
You have extremely tough skin. (AC +3)
You have a long armoured tail.
You regenerate magic when rolling toward enemies. (Rampage MPRegen)


Message History

The magic dart hits you. The endoplasm barely misses you.
You barely miss Natasha.
Natasha is severely wounded.
Natasha claws you.
The endoplasm hits you but does no damage.
Natasha claws you but does no damage. The endoplasm hits you.
You hit Natasha.
Natasha is almost dead.
Natasha claws you but does no damage.
The endoplasm hits you but does no damage.
Natasha claws you. The endoplasm freezes you.
You are frozen.
Natasha barely misses you.
You sock Natasha!
You kill Natasha!
Okawaru accepts your kill.
You can now gain great but temporary skills.
Natasha screams in fury as she dies!
The endoplasm hits you. x2
Your Maces & Flails skill increases to level 2!
You have reached level 5!
You hit the endoplasm.
The endoplasm is almost dead.
The endoplasm hits you but does no damage.
The endoplasm closely misses you.
You thump the endoplasm!
You kill the endoplasm!
Okawaru accepts your kill.
Unknown command.
You start resting.
You feel yourself speed up.
Natasha, Servant of Life and Death comes into view.
She is carrying a wand of warping.
Natasha stares at you and mumbles some strange words.
The magic dart hits you.
Okay, then.
Natasha zaps a wand.
Space twists violently!
The rupture engulfs you.
* * * LOW HITPOINT WARNING * * *
Natasha zaps a wand.
Space twists violently!
The rupture engulfs you!
You die...
Natasha curls up and begins to purr.

..........##############
#..#.#.#
..........'............#
#..#.#.#
..........############.#
#..#.#.# ..........# #.#
#..#.#.# ########### #.#
#..# #.+
###############.###..#.###
#>............#......#....
#####
####...........h..........
....#
######@###.....#.......
....# #..######.#......#
....#############.##
#.#.####.#
...................# #.#.#
# ##.##############..#
#.#.# #.# #...# #.#.######
#.# ######### #.#.......
#.# ##.## ##.###.### ####
#.# #...# #...##.# #


You could see Natasha.

Vanquished Creatures
  Natasha (twice) (D:2)
  2 adders (D:2)
  A ribbon worm (D:2)
  3 dart slugs (D:1)
  7 endoplasms
  4 giant cockroaches
  8 goblins
  5 hobgoblins (D:1)
  A jackal (D:1)
  2 kobolds
  5 quokkas
  10 ball pythons
  5 bats
  3 frilled lizards (D:1)
  2 rats (D:1)
60 creatures vanquished.

Notes
Turn   | Place    | Note
-------+----------+-------------------------------------------
     0 | D:5      | Ajdolov the Armataur Delver began the quest for the Orb.
     0 | D:5      | Reached XP level 1. HP: 18/18 MP: 1/1
    56 | D:4      | Found a glowing golden altar of the Shining One.
    72 | D:4      | Found an iron altar of Okawaru.
    80 | D:4      | Became a worshipper of Warmaster Okawaru
   376 | D:1      | Reached XP level 2. HP: 23/26 MP: 2/2
   639 | D:1      | Reached XP level 3. HP: 33/33 MP: 3/3
  1327 | D:2      | Found a basalt altar of Yredelemnul.
  1341 | D:2      | Noticed Natasha
  1346 | D:2      | Killed Natasha
  1347 | D:2      | Reached XP level 4. HP: 36/41 MP: 4/4
  1461 | D:2      | Found a faded altar of an unknown god.
  1526 | D:2      | Reached skill level 5 in Fighting
  1682 | D:2      | Noticed Natasha
  1690 | D:2      | Killed Natasha
  1690 | D:2      | Reached * piety under Okawaru
  1691 | D:2      | Reached XP level 5. HP: 17/48 MP: 5/5
  1695 | D:2      | Noticed Natasha
  1700 | D:2      | Killed from afar by Natasha

Illustrated notes

Levels and vault maps discovered:
D:1:      heliophobic_arrival_henge, layout_basic, minmay_octomino_c4
D:2:      layout_basic, basic_altar, nicolae_ecumenical_snake_handling,
          serial_curves, eino_curves_04, eino_curves_03, eino_curves_01,
          chequers_serial_rivers_room_b, uniq_natasha
D:3:      layout_rooms, lemuel_zombie_altar_kikubaaqudgha,
          pdpol_wu_jian_five_deadly_venoms, mainiacjoe_overflow_big_doors
D:4:      layout_rooms, lemuel_round_altar, doesnt_xom_only_xom,
          mainiacjoe_overflow_tiny_flanked, overflow_temple_1_default,
          columned_hall_lemuel
D:5:      layout_cave_pools, nicolae_vehumet_radiance,
          minmay_temple_entry_offerings, serial_library_hellmonk_filled_rooms,
          uniq_menkaure

Skill      XL: |  1  2  3  4 |
---------------+-------------+-----
Fighting       | 3 4 5 |  5.0
Maces & Flails | 2 |  2.4
Dodging        | |  1.3
Stealth        | |  5.4

Action                     |  1- 3 |  4- 6 || total
---------------------------+-------+-------++-------
  Melee: Mace              |   108 |    48 ||   156
         Tailslap          |    11 |     4 ||    15
   Stab: Sleeping          |     7 |     1 ||     8
         Distracted        |     2 |       ||     2
 Armour: Ring mail         |    81 |    72 ||   153
  Dodge: Dodged            |    46 |    44 ||    90

Table legend: (Time is in decaauts)
 A = Elapsed time spent in this place.
 B = Non-inter-level travel time spent in this place.
 C = Inter-level travel time spent in this place.
 D = Time resting spent in this place.
 E = Time spent auto-exploring this place.
 F = Levels seen in this place.
 G = Mean time per level.
                   A        B        C        D        E       F      G
               +--------+--------+--------+--------+--------+-----+--------+
         Total |   1755 |   1705 |     50 |     28 |    884 |   5 |  351.0 |
       Dungeon |   1755 |   1705 |     50 |     28 |    884 |   5 |  351.0 |
               +--------+--------+--------+--------+--------+-----+--------+

Top non-repeatable levels by time:
     D:1: 866 daAuts
     D:2: 799 daAuts
     D:5: 56 daAuts
     D:4: 29 daAuts
     D:3: 3 daAuts
